 Dungeon Crawl Stone Soup version 0.26-a0-660-gc07710193c (webtiles) character file.

Game seed: 1148342616871146581

313 tom967 the Charlatan (level 6, -4/44 HPs)
             Began as a Demonspawn Artificer on Oct 8, 2020.
             Was a Plaything of Xom.
             Slain by Duvessa
             ... wielding a +4 short sword of chaos
              (12 damage)
             ... on level 4 of the Dungeon.
             The game lasted 00:51:20 (5911 turns).

tom967 the Charlatan (Demonspawn Artificer)         Turns: 5911, Time: 00:51:21

Health: -4/44      AC: 12    Str: 14    XL:     6   Next: 19%
Magic:  0/6        EV:  7    Int: 12    God:    Xom [......]
Gold:   212        SH:  0    Dex: 14    Spells: 5/5 levels left

rFire    . . .     SeeInvis .   q - +0 scythe
rCold    + . .     Faith    .   (shield currently unavailable)
rNeg     + + +     Spirit   +   B - +0 chain mail
rPois    ∞         Reflect  .   (helmet restricted)
rElec    .         Harm     .   g - +0 cloak
rCorr    .         Rampage  .   (no gloves)
MR       +....     Rnd*Tele +   (no boots)
Stlth    ..........             (no amulet)
HPRegen  0.14/turn              y - ring of teleportation (curse)
MPRegen  0.10/turn              z - ring of poison resistance

@: mighty, lich-form, very slightly contaminated, lightly drained, invisible
A: antennae 2, talons 1, berserk 1, deformed body, powered by pain 1, wild magic
1, magic shield
a: Renounce Religion


You were on level 4 of the Dungeon.
You worshipped Xom.
You were a very special plaything of Xom.
You were a lich.
You visited 1 branch of the dungeon, and saw 4 of its levels.

You collected 212 gold pieces.

Inventory:

Hand Weapons
 j - a +0 vorpal hunting sling
 k - a +0 spear
 q - a +0 scythe (weapon)
 v - a +0 long sword
 F - a +0 rapier
Missiles
 f - 2 boomerangs of dispersal (quivered)
 l - 37 poisoned darts
 m - 116 stones
 n - 4 boomerangs
 t - 17 bolts
 A - 38 arrows
Armour
 b - a +0 leather armour
 g - a +0 cloak (worn)
 i - a +0 ring mail
 r - a cursed +0 robe
 B - a +0 chain mail (worn)
 D - a +0 ring mail of fire resistance
Jewellery
 y - a cursed ring of teleportation (left hand)
 z - a ring of poison resistance (right hand)
Wands
 c - a wand of flame (4)
 d - a wand of enslavement (5)
 e - a wand of random effects (15)
Scrolls
 a - a scroll of fog {unknown}
 s - a scroll of magic mapping
 w - a scroll of remove curse {unknown}
 E - 3 scrolls of identify
Potions
 o - a potion of resistance
 p - 3 potions of curing


   Skills:
 * Level 2.1(1.6) Fighting
 * Level 1.6(1.1) Polearms
 - Level 3.4(3.0) Armour
 + Level 2.6(2.2) Dodging
 - Level 1.7(1.3) Stealth
 + Level 4.0(3.5) Evocations


You had 5 spell levels left.
You didn't know any spells.
Your spell library was empty.

Dungeon Overview and Level Annotations

Branches:
Dungeon (4/15)
 Temple: D:4-7

Altars:
Xom

Annotations:
D:4 Dowan, Duvessa, Pikel


Innate Abilities, Weirdness & Mutations

You have a pair of antennae on your head.
You sometimes gain a little power by taking damage.
When hurt, damage is shared between your health and your magic reserves.
You have sharp toenails.
You tend to lose your temper in combat.
Armour fits poorly on your strangely shaped body.
Your spells are a little harder to cast, but a little more powerful.


Message History

Duvessa burns you.
You're too confused!
You barely miss Duvessa. Duvessa hits you but does no damage.
Something closely misses the lemure.
Duvessa hits you with a +4 short sword of chaos.
Duvessa hits you but does no damage.
You feel less confused.
The giant cockroach closely misses the lemure.
Duvessa hits you with a +4 short sword of chaos.
* * * LOW HITPOINT WARNING * * *
You fade into invisibility!
You are very lightly contaminated with residual magic.
Duvessa hits you with a +4 short sword of chaos.
* * * LOW HITPOINT WARNING * * *
You fade further into invisibility.
A leopard gecko comes into view.
The leopard gecko hisses angrily.
Duvessa hits you but does no damage. Space warps horribly around you!
You die...
Xom thinks this is hilarious!

#.....5...#########
#......e..#
#.........#######
#......$..{......
#.#####+#.#######
#. #.l.{{..# #.
#######.# #e# #L#
#.....l.# #.#######


You could see Duvessa (fast) and a leopard gecko.

Vanquished Creatures
  Sigmund (D:2)
  Jessica (D:3)
  Robin (D:3)
  3 adders
  A howler monkey skeleton (D:4)
  2 worms
  4 leopard geckos
  5 orcs (D:3)
  11 bats
  5 giant cockroaches
  9 goblins
  9 hobgoblins
  A quokka (D:2)
  A ball python (D:3)
  2 frilled lizards (D:1)
  5 kobolds
  5 rats
66 creatures vanquished.

Vanquished Creatures (collateral kills)
  A hobgoblin (D:1)
1 creature vanquished.

Vanquished Creatures (others)
  3 goblins (D:3)
  A hobgoblin (D:3)
4 creatures vanquished.

Grand Total: 71 creatures vanquished

Notes
Turn   | Place    | Note
-------+----------+-------------------------------------------
     0 | D:1      | tom967 the Demonspawn Artificer began the quest for the
                  | Orb.
     0 | D:1      | Reached XP level 1. HP: 15/15 MP: 1/1
   197 | D:1      | Gained mutation: You have a pair of small antennae on your
                  | head. [demonic ancestry]
   197 | D:1      | Reached XP level 2. HP: 21/21 MP: 2/2
   619 | D:1      | Reached skill level 1 in Dodging
   984 | D:2      | Reached XP level 3. HP: 9/26 MP: 3/3
  1295 | D:2      | Noticed Sigmund
  1330 | D:2      | Killed Sigmund
  1330 | D:2      | Reached skill level 1 in Stealth
  1330 | D:2      | Reached skill level 4 in Evocations
  1330 | D:2      | Gained mutation: When hurt, damage is shared between your
                  | health and your magic reserves. [demonic ancestry]
  1330 | D:2      | Reached XP level 4. HP: 10/33 MP: 4/4
  1330 | D:2      | Gained mutation: You have a pair of antennae on your head.
                  | [demonic ancestry]
  1330 | D:2      | Reached XP level 5. HP: 11/38 MP: 5/5
  2239 | D:1      | HP: 1/38 [poisoned by an adder]
  3073 | D:2      | Found a shimmering altar of Xom.
  3299 | D:2      | Became a worshipper of Xom of Chaos
  3663 | D:2      | XOM: silly message
  3932 | D:2      | XOM: silly message
  4143 | D:3      | Noticed Jessica
  4149 | D:3      | Killed Jessica
  4311 | D:3      | Noticed Robin
  4313 | D:3      | Gained mutation: You sometimes gain a little power by
                  | taking damage. [demonic ancestry]
  4313 | D:3      | Reached XP level 6. HP: 44/44 MP: 6/6
  4314 | D:3      | Reached skill level 1 in Polearms
  4341 | D:3      | Killed Robin
  4405 | D:3      | XOM: silly message
  4675 | D:3      | XOM: cloud trail
  5371 | D:3      | XOM: silly message
  5756 | D:3      | XOM is BORED!
  5756 | D:3      | XOM: silly message
  5789 | D:4      | Gained mutation: You tend to lose your temper in combat.
                  | [potion of mutation]
  5789 | D:4      | Gained mutation: Armour fits poorly on your strangely
                  | shaped body. [potion of mutation]
  5789 | D:4      | Gained mutation: You have sharp toenails. [potion of
                  | mutation]
  5789 | D:4      | Gained mutation: Your spells are a little harder to cast,
                  | but a little more powerful. [potion of mutation]
  5860 | D:4      | Noticed Duvessa
  5861 | D:4      | XOM: confusion
  5861 | D:4      | Noticed Dowan
  5863 | D:4      | XOM: chaos upgrade
  5865 | D:4      | Noticed Pikel
  5869 | D:4      | XOM: summons friendly shadow imp
  5897 | D:4      | XOM: cast spell 'Necromutation'
  5900 | D:4      | XOM: confusion (+ monsters)
  5911 | D:4      | Slain by Duvessa

Illustrated notes

Levels and vault maps discovered:
D:1:      sevenhm_arrival_forest_fort_large_4, layout_basic
D:2:      layout_loops_ring, xom_teletrap_fun, uniq_sigmund
D:3:      layout_loops_corners, uniq_jessica, uniq_robin
D:4:      layout_basic, minmay_temple_entry_offerings, minivault_26,
          uniq_duvessa, uniq_menkaure, uniq_pikel, uniq_ijyb

Skill      XL: |  1  2  3  4  5  6 |
---------------+-------------------+-----
Armour         | 2 3 |  3.4
Dodging        | 1 2 |  2.6
Fighting       | 2 |  2.1
Stealth        | 1 |  1.7
Evocations     | 4 |  4.0
Polearms       | 1 |  1.6

Action                   |  1- 3 |  4- 6 || total
-------------------------+-------+-------++-------
Melee: Club              |    15 |       ||    15
       Short sword       |    21 |       ||    21
       Spear             |   120 |     7 ||   127
       Scythe            |       |   136 ||   136
       Kick              |       |     2 ||     2
Throw: Javelin           |       |    17 ||    17
Evoke: Wand              |     7 |    14 ||    21
  Use: Scroll            |     1 |     5 ||     6
       Potion            |     1 |     6 ||     7
 Stab: Sleeping          |       |     2 ||     2
Armor: Leather armour    |    12 |       ||    12
       Ring mail         |    94 |    73 ||   167
       Skin              |    20 |     1 ||    21
       Chain mail        |       |    71 ||    71
Dodge: Dodged            |   136 |   156 ||   292

Table legend: (Time is in decaauts)
 A = Elapsed time spent in this place.
 B = Non-inter-level travel time spent in this place.
 C = Inter-level travel time spent in this place.
 D = Time resting spent in this place.
 E = Time spent auto-exploring this place.
 F = Levels seen in this place.
 G = Mean time per level.
                   A        B        C        D        E       F      G
               +--------+--------+--------+--------+--------+-----+--------+
         Total |   6080 |   5387 |    693 |   3147 |   1319 |   4 | 1520.0 |
       Dungeon |   6080 |   5387 |    693 |   3147 |   1319 |   4 | 1520.0 |
               +--------+--------+--------+--------+--------+-----+--------+

Top non-repeatable levels by time:
     D:1: 2298 daAuts
     D:2: 1843 daAuts
     D:3: 1789 daAuts
     D:4: 149 daAuts
